 Dungeon Crawl Stone Soup version 0.31.0-9-g3a7656b989 (webtiles) character file.

Game seed: 5771072512307473598

364 qw the Ducker (level 6, -4/33 HPs)
             Began as a Spriggan Hunter on Feb 2, 2024.
             Incinerated by a bombardier beetle (6 damage)
             ... with a burning spray
             ... on level 3 of the Dungeon.
             The game lasted 00:00:05 (1707 turns).

qw the Ducker (Spriggan Hunter)                     Turns: 1707, Time: 00:00:06

Health: -4/33      AC:  2    Str:  7    XL:     6   Next: 39%
Magic:  7/7        EV: 21    Int: 10    God:
Gold:   117        SH:  0    Dex: 21    Spells: 5/5 levels left

rFire   . . .        a - +0 shortbow
rCold   . . .        (shield currently unavailable)
rNeg    + . .        c - +0 robe
rPois   .            (helmet restricted)
rElec   .            (no cloak)
rCorr   .            (gloves unavailable)
SInv    +            (boots unavailable)
Will    +....        (no amulet)
Stlth   +            j - ring of positive energy
HPRegen 0.25/turn    (no ring)
MPRegen 0.10/turn

%: no passive effects
@: on fire, glowing, very quick
A: very small, no large weapons, unfitting armour, see invisible, speed 3
a: no special abilities


You were on level 3 of the Dungeon.
You visited 1 branch of the dungeon, and saw 3 of its levels.

You collected 117 gold pieces.


Innate Abilities, Weirdness & Mutations

You are very small and have problems with some larger weapons.
You are too small for most types of armour.
You have supernaturally acute eyesight. (SInv)
You cover ground extremely quickly. (Speed+++)


   Skills:
 - Level 3.6 Fighting
 + Level 5.2 Ranged Weapons
 - Level 5.8 Dodging
 - Level 1.5 Stealth


You had 5 spell levels left.
You didn't know any spells.
Your spell library was empty.

Inventory:

Hand Weapons
 a - a +0 shortbow (weapon)
Armour
 c - a +0 robe (worn)
Jewellery
 d - a ring of ice
 j - a ring of positive energy (left hand)
Potions
 b - a potion of curing
 e - a potion of brilliance {unknown}
 f - a potion of attraction {unknown}
 h - a potion of heal wounds {unknown}
 k - a potion of resistance {unknown}

Dungeon Overview and Level Annotations

Branches:
Dungeon (3/15)

Altars:
Xom

Annotations:
D:2 1 runed translucent door, Crazy Yiuf


Message History

The bombardier beetle is heavily wounded.
You shoot an arrow.
The arrow hits the bombardier beetle but does no damage.
The bombardier beetle is heavily wounded.
You shoot an arrow.
The arrow barely misses the bombardier beetle.
The bombardier beetle sprays incendiary fluid at you.
The burning spray hits you.
You are covered in liquid fire!
You shoot an arrow. The arrow hits the bombardier beetle.
The bombardier beetle is almost dead.
The liquid fire burns you!
You shoot an arrow.
The arrow barely misses the bombardier beetle.
The liquid fire burns you!
The bombardier beetle closely misses you.
You shoot an arrow.
The arrow barely misses the bombardier beetle.
The liquid fire burns you!
The bombardier beetle barely misses you.
You shoot an arrow.
The arrow barely misses the bombardier beetle.
The liquid fire burns you!
You shoot an arrow. The arrow hits the bombardier beetle.
The bombardier beetle is almost dead.
The liquid fire burns you!
The bombardier beetle sprays incendiary fluid at you.
The burning spray misses you.
You shoot an arrow. The arrow hits the bombardier beetle!
You kill the bombardier beetle!
The liquid fire burns you!
You are on fire!
The liquid fire burns you!
You are on fire!
The liquid fire burns you!
You are on fire!
The liquid fire burns you!
You are on fire!
The liquid fire burns you!
You die...

#......#.#.#.
#............
#..........#.
#............
#..........#
#..........#
#.....%....#
#@########
#.........
#.########
#.# #.#
#.######
#......#
######.# #.#


There were no monsters in sight!

Vanquished Creatures
  Grinder (D:3)
  An ogre (D:3)
  A bombardier beetle (D:3)
  An adder (D:2)
  2 dart slugs (D:2)
  6 ball pythons
  A bat (D:2)
  4 endoplasms
  2 giant cockroaches
  6 goblins
  4 hobgoblins
  2 quokkas (D:1)
  3 frilled lizards
  7 kobolds
  3 rats
44 creatures vanquished.

Notes
Turn   | Place    | Note
-------+----------+-------------------------------------------
     0 | D:1      | qw the Spriggan Hunter began the quest for the Orb.
     0 | D:1      | Reached XP level 1. HP: 10/10 MP: 2/2
     0 | D:1      | 0 ||| qw: Version: 0.3-a-155-g5e7d8dd
     0 | D:1      | 0 ||| qw: Game counter: 1532
     0 | D:1      | 0 ||| qw: Melee chars always use a shield: true
     0 | D:1      | 0 ||| qw: God list: Okawaru
     0 | D:1      | 0 ||| qw: Allow faded altars: false
     0 | D:1      | 0 ||| qw: Do Orc after clearing Dungeon:15 true
     0 | D:1      | 0 ||| qw: Do second Lair branch before Depths: true
     0 | D:1      | 0 ||| qw: Lair rune preference: random
     0 | D:1      | 0 ||| qw: Goals: Normal
     0 | D:1      | 0 ||| PLANNING D:1-11
   109 | D:1      | Reached skill level 3 in Dodging
   297 | D:1      | Reached XP level 2. HP: 14/14 MP: 3/3
   402 | D:1      | HP: 3/14 [poisoned by a kobold]
   679 | D:1      | 679 ||| READING scroll labelled BAESTR CIVVOST.
   780 | D:1      | 780 ||| DROPPING scroll of butterflies.
   812 | D:2      | Reached XP level 3. HP: 18/18 MP: 4/4
   857 | D:2      | Found a shimmering altar of Xom.
  1026 | D:2      | Found a faded altar of an unknown god.
  1501 | D:2      | Found a runed translucent door.
  1502 | D:2      | Noticed Crazy Yiuf
  1505 | D:2      | 1505 ||| UPGRADING to ring of positive energy.
  1506 | D:2      | 1506 ||| READING scroll labelled KIALOU LEDECE.
  1507 | D:2      | 1507 ||| READING scroll labelled OSIGUS UGGEKLE.
  1507 | D:2      | 1507 ||| IDENTIFYING smoky orange potion
  1508 | D:2      | 1508 ||| READING scroll labelled KEALAS SACLEECH.
  1509 | D:2      | 1509 ||| DRINKING 2 sedimented clear potions.
  1540 | D:2      | 1540 ||| DROPPING potion of lignification.
  1619 | D:3      | Noticed an ogre
  1627 | D:3      | Killed an ogre
  1628 | D:3      | Reached XP level 4. HP: 22/22 MP: 5/5
  1628 | D:3      | Reached XP level 5. HP: 25/25 MP: 6/6
  1660 | D:3      | Noticed Grinder
  1678 | D:3      | Killed Grinder
  1679 | D:3      | Reached skill level 3 in Fighting
  1679 | D:3      | Reached XP level 6. HP: 30/33 MP: 7/7
  1704 | D:3      | HP: 7/33 [burnt (4)]
  1706 | D:3      | HP: 2/33 [burnt (2)]
  1707 | D:3      | Incinerated by a bombardier beetle

Levels and vault maps discovered:
D:1:      dpeg_arrival_orchard, layout_loops_cross,
          nicolae_twisty_statue_hallways
D:2:      kennysheep_big_flooded_room, layout_basic, basic_altar,
          shapermc_ecumenical_altar_notcrosses, minivault_23,
          uniq_crazy_yiuf_cottage
D:3:      layout_basic, serial_glass, glass_columns_c, glass_columns_b,
          glass_columns_b, glass_columns_c, glass_columns_b, glass_columns_a,
          uniq_jessica, uniq_grinder

Skill      XL: |  1  2  3  4  5 |
---------------+----------------+-----
Dodging        | 3 4 5 |  5.8
Ranged Weapons | 5 |  5.2
Fighting       | 3 |  3.6
Stealth        | |  1.5

Action                     |  1- 3 |  4- 6 || total
---------------------------+-------+-------++-------
   Fire: Shortbow          |   136 |    29 ||   165
    Use: Scroll            |     4 |       ||     4
         Potion            |     1 |       ||     1
 Armour: Robe              |    15 |       ||    15
  Dodge: Dodged            |    34 |     8 ||    42

Table legend:
 A = Non-vault XP
 B = Vault XP
 C = Vault XP percentage of total XP
 D = Non-vault monster count
 E = Vault monster count
 F = Vault count percentage of total count
                 A         B        C        D         E       F
            +---------+---------+-------+---------+---------+-------
      Total |     245 |     275 |  52.9 |      41 |       3 |   6.8
            +---------+---------+-------+---------+---------+-------
        D:1 |      37 |       0 |   0.0 |      22 |       0 |   0.0
        D:2 |      44 |       3 |   6.4 |      17 |       2 |  10.5
        D:3 |     164 |     272 |  62.4 |       2 |       1 |  33.3
            +---------+---------+-------+---------+---------+-------
